 Dungeon Crawl Stone Soup version 0.29-a0-653-gd47aff6735 (webtiles) character file.

Game seed: 8597403132110413912

73 DocClef the Caller (level 4, -1/24 HPs)
             Began as a Tengu Summoner on June 21, 2022.
             Slain by an adder (3 damage)
             ... on level 3 of the Dungeon.
             The game lasted 00:02:46 (2122 turns).

DocClef the Caller (Tengu Summoner)                 Turns: 2122, Time: 00:02:47

Health: -1/24      AC:  6    Str:  8    XL:     4   Next: 27%
Magic:  7/8        EV: 12    Int: 18    God:
Gold:   78         SH:  0    Dex: 14    Spells: 1/7 levels left

rFire   . . .      SeeInvis .   h - +0 dagger
rCold   . . .      Faith    .   (no shield)
rNeg    . . .      Spirit   .   a - +0 robe
rPois   .          Reflect  .   (helmet restricted)
rElec   .          Harm     .   e - +0 cloak
rCorr   .          Rampage  .   c - +2 pair of gloves
Will    .....                   (boots unavailable)
Stlth   ++........              (no amulet)
HPRegen 0.08/turn               (no ring)
MPRegen 0.11/turn               (no ring)

@: lethally poisoned (-1 -> -7)
A: beak, talons 3
a: no special abilities


You were on level 3 of the Dungeon.
You visited 1 branch of the dungeon, and saw 3 of its levels.

You collected 78 gold pieces.

Inventory:

Hand Weapons
 h - a +0 dagger (weapon)
Armour
 a - a +0 robe (worn)
 c - a +2 pair of gloves (worn)
 e - a +0 cloak (worn)
Jewellery
 f - a ring of magical power
Scrolls
 g - a scroll of vulnerability {unknown}
 j - a scroll of immolation {unknown}
 l - a scroll of teleportation {unknown}
 o - a scroll of poison {unknown}
 p - a scroll of identify {unknown}
Potions
 b - a potion of magic
 d - a potion of curing {unknown}
 i - a potion of ambrosia {unknown}
 k - a potion of heal wounds {unknown}
 m - a potion of haste {unknown}
 n - 2 potions of might {unknown}


   Skills:
 - Level 2.1 Dodging
 - Level 2.0 Stealth
 - Level 2.0 Spellcasting
 + Level 6.8 Summonings


You had one spell level left.
You knew the following spells:

 Your Spells              Type           Power      Damage    Failure   Level
a - Summon Small Mammal   Summ           100%       N/A       1%          1
b - Call Imp              Summ           26%        N/A       1%          2
c - Call Canine Familiar  Summ           26%        N/A       3%          3

Your spell library contained the following spells:

 Spells                   Type           Power      Damage    Failure   Level
 Summon Guardian Golem    Hex/Summ       14%        N/A       13%         3
 Summon Lightning Spire   Summ/Air       14%        N/A       41%         4
 Gell's Gravitas          Tloc           1%         N/A       47%         3
 Lesser Beckoning         Tloc           1%         N/A       47%         3
 Teleport Other           Tloc           1%         N/A       47%         3
 Malign Gateway           Summ/Tloc      7%         N/A       100%        7
 Summon Horrible Things   Summ           13%        N/A       100%        8


Dungeon Overview and Level Annotations

Branches:
Dungeon (3/15)

Altars:


Innate Abilities, Weirdness & Mutations

You have a beak for a mouth.
You have claws for feet.


Message History

The adder is almost dead.
You feel sick. The adder bites you but does no damage.
You closely miss the adder. Your punch misses the adder.
The adder is almost dead.
You feel sick. The adder bites you.
You are more poisoned.
The adder poisons you! The adder bites you but does no damage.
Your crimson imp blinks!
Unknown command.
Casting: Call Imp (safe; 1% risk of failure)
Confirm with . or Enter, or press ? or * to list all spells.
You feel sick. The adder closely misses you.
Your crimson imp barely misses the adder.
You barely miss the adder. Your kick misses the adder.
The adder is almost dead.
You feel sick. The adder bites you but does no damage.
Your crimson imp barely misses the adder.
You hit the adder.
You kill the adder!
You feel sick. The adder closely misses you.
Unknown command.
You barely miss the adder.
You feel sick. The adder bites you.
* * * LOW HITPOINT WARNING * * *
Your crimson imp closely misses the adder.
You hit the adder but do no damage. Your kick misses the adder.
You feel sick. The adder bites you.
* * * LOW HITPOINT WARNING * * *
You are lethally poisoned!
The adder poisons you!
Your crimson imp blinks!
You barely miss the adder. You claw the adder. Your peck misses the adder.
The adder is heavily wounded.
* * * LOW HITPOINT WARNING * * *
You feel sick. The adder barely misses you.
Your crimson imp blinks!
You closely miss the adder.
The adder is heavily wounded.
* * * LOW HITPOINT WARNING * * *
You feel sick. The adder bites you.
You die...

..###.. .....
......[ ....
####.< ...# #....
ยง.# ##.#.. ..#
#####..#.. #.#
#..>(.#.(# #S#
#####.####..##
##@###..........##
#.r........######
#..........#
##..........#
##...........#
...............#
#####..........#
############


You could see an adder (ally target) and a friendly rat (summoned).

Vanquished Creatures
  2 adders
  A dart slug (D:1)
  5 orcs (D:3)
  2 bats
  2 endoplasms
  A giant cockroach (D:1)
  A goblin (D:1)
  2 hobgoblins
  3 quokkas
  7 ball pythons
  4 frilled lizards
  5 kobolds
  4 rats
39 creatures vanquished.

Vanquished Creatures (collateral kills)
  An orc (D:3)
  A ball python (D:1)
  2 endoplasms
  4 goblins
  A bat (D:2)
  A frilled lizard (D:2)
10 creatures vanquished.

Grand Total: 49 creatures vanquished

Notes
Turn   | Place    | Note
-------+----------+-------------------------------------------
     0 | D:1      | DocClef the Tengu Summoner began the quest for the Orb.
     0 | D:1      | Reached XP level 1. HP: 10/10 MP: 4/4
    73 | D:1      | Reached skill level 5 in Summonings
   111 | D:1      | Reached XP level 2. HP: 15/15 MP: 4/6
   405 | D:1      | Learned a level 2 spell: Call Imp
   814 | D:1      | Found a faded altar of an unknown god.
   896 | D:1      | Reached XP level 3. HP: 14/19 MP: 5/7
  1050 | D:2      | Reached skill level 6 in Summonings
  1352 | D:2      | Learned a level 3 spell: Call Canine Familiar
  2020 | D:3      | Reached XP level 4. HP: 21/24 MP: 5/8
  2122 | D:3      | Slain by an adder

Illustrated notes

Levels and vault maps discovered:
D:1:      minmay_arrival_glassed_features, layout_loops_corners,
          dreamdust_ecumenical_altar_statues
D:2:      layout_basic, serial_bayou_pond_d
D:3:      layout_rooms, zin_scriptorium, roderic_serpentine_path

Skill      XL: |  1  2  3 |
---------------+----------+-----
Summonings     | 5 6 |  6.8
Dodging        | |  2.1
Stealth        | |  2.0
Spellcasting   | |  2.0

Action                   |  1- 3 |  4- 6 || total
-------------------------+-------+-------++-------
Melee: Unarmed           |    42 |       ||    42
       Kick              |    26 |     4 ||    30
       Peck              |    17 |       ||    17
       Dagger            |    73 |    18 ||    91
       Punch             |     2 |       ||     2
 Cast: Summon Small Mamm |     8 |     3 ||    11
       Call Imp          |    10 |     1 ||    11
       Call Canine Famil |     2 |       ||     2
 Stab: Sleeping          |     6 |       ||     6
       Distracted        |     1 |       ||     1
Armor: Robe              |    44 |     8 ||    52
Dodge: Dodged            |    68 |     7 ||    75

Table legend: (Time is in decaauts)
 A = Elapsed time spent in this place.
 B = Non-inter-level travel time spent in this place.
 C = Inter-level travel time spent in this place.
 D = Time resting spent in this place.
 E = Time spent auto-exploring this place.
 F = Levels seen in this place.
 G = Mean time per level.
                   A        B        C        D        E       F      G
               +--------+--------+--------+--------+--------+-----+--------+
         Total |   2121 |   2085 |     36 |      0 |   1700 |   3 |  707.0 |
       Dungeon |   2121 |   2085 |     36 |      0 |   1700 |   3 |  707.0 |
               +--------+--------+--------+--------+--------+-----+--------+

Top non-repeatable levels by time:
     D:1: 1029 daAuts
     D:2: 585 daAuts
     D:3: 505 daAuts
